 Dungeon Crawl Stone Soup version 0.28.0 (webtiles) character file.

Game seed: 2970474521351559803

13110 jjjjhere the Destroyer (level 12, -25/80 HPs)
             Began as a Gnoll Conjurer on Feb 13, 2022.
             Was a High Priest of Hepliaklqana.
             Annihilated by a boulder beetle (54 damage)
             ... on level 11 of the Dungeon.
             The game lasted 00:24:04 (14468 turns).

jjjjhere the Destroyer (Gnoll Conjurer)            Turns: 14468, Time: 00:24:05

Health: -25/80     AC: 14    Str: 12    XL:     12   Next: 2%
Magic:  24/24      EV: 12    Int: 18    God:    Hepliaklqana [*****.]
Gold:   540        SH:  0    Dex: 10    Spells: 10/28 levels left

rFire   + . .      SeeInvis +   H - +3 dagger (chaos)
rCold   + . .      Faith    .   (no shield)
rNeg    . . .      Spirit   .   M - +0 ring mail
rPois   .          Reflect  .   (no helmet)
rElec   .          Harm     .   A - scarf {rC+ rF+}
rCorr   .          Rampage  .   v - +1 pair of gloves
Will    .....                   j - +0 pair of boots
Stlth   +++.......              (no amulet)
HPRegen 0.23/turn               P - +4 ring of protection
MPRegen 0.19/turn               k - ring of see invisible

@: no status effects
A: reduced essence, fangs 1, strong nose, distributed training
a: Renounce Religion, Recall Ancestor, Ancestor Identity, Transference, Idealise


You were on level 11 of the Dungeon.
You worshipped Hepliaklqana.
Hepliaklqana was extremely pleased with you.
You visited 1 branch of the dungeon, and saw 11 of its levels.

You collected 540 gold pieces.

Inventory:

Hand Weapons
 g - a +0 spear
 l - a +0 trident
 t - a +2 flail of venom
 E - a +3 falchion of electrocution
 F - a +1 vampiric trident
 H - a +3 dagger of chaos (weapon)
Missiles
 b - 109 sling bullets
 c - 4 atropa-tipped darts
 d - 18 poisoned darts
Armour
 a - a +0 robe
 j - a +0 pair of boots (worn)
 q - a +0 cloak
 u - a +0 chain mail
 v - a +1 pair of gloves (worn)
 A - a scarf of resistance (worn)
 M - a +0 ring mail (worn)
Jewellery
 k - a ring of see invisible (right hand)
 m - a ring of magical power
 L - a ring of wizardry
 P - a +4 ring of protection (left hand)
Wands
 f - a wand of digging (5)
 o - a wand of paralysis (3)
 C - a wand of flame (28)
 J - a wand of iceblast (2)
Scrolls
 h - a scroll of summoning
 i - a scroll of silence
 n - 2 scrolls of vulnerability
 w - a scroll of fear
 y - a scroll of enchant weapon
 I - 3 scrolls of magic mapping
Potions
 e - 4 potions of attraction
 p - a potion of might
 r - a potion of heal wounds
 s - a potion of cancellation
 x - a potion of haste
 z - 2 potions of mutation
 B - 3 potions of lignification
 O - a potion of berserk rage
Miscellaneous
 K - a box of beasts


   Skills:
 + Level 6.8 Fighting
 + Level 6.8 Short Blades
 + Level 6.8 Long Blades
 + Level 6.8 Axes
 + Level 6.8 Maces & Flails
 + Level 6.8 Polearms
 + Level 6.8 Staves
 + Level 6.8 Slings
 + Level 6.8 Bows
 + Level 6.8 Crossbows
 + Level 6.8 Throwing
 + Level 6.8 Armour
 + Level 8.3 Dodging
 + Level 8.1 Stealth
 + Level 6.8 Shields
 + Level 6.8 Unarmed Combat
 + Level 8.6 Spellcasting
 + Level 9.2 Conjurations
 + Level 5.6 Hexes
 + Level 5.6 Summonings
 + Level 5.6 Necromancy
 + Level 5.6 Translocations
 + Level 5.6 Transmutations
 + Level 5.6 Fire Magic
 + Level 5.6 Ice Magic
 + Level 5.6 Air Magic
 + Level 5.6 Earth Magic
 + Level 5.6 Poison Magic
 + Level 7.5 Invocations
 + Level 6.8 Evocations


You had 10 spell levels left.
You knew the following spells:

 Your Spells              Type           Power      Damage    Failure   Level
b - Searing Ray           Conj           82%        2d7       1%          2
c - Sticky Flame          Conj/Fire      34%        2d5       9%          4
d - Iskenderun's Mystic   Conj/Tloc      34%        2d8       9%          4
e - Dazzling Flash        Conj/Hex       68%        N/A       2%          3
f - Mephitic Cloud        Conj/Pois/Air  32%        N/A       3%          3
g - Passwall              Tmut/Erth      23%        N/A       2%          2

Your spell library contained the following spells:

 Spells                   Type           Power      Damage    Failure   Level
 Magic Dart               Conj           100%       1d8       1%          1
 Sandblast                Erth           56%        2d13      1%          1
 Slow                     Hex            100%       N/A       1%          1
 Call Imp                 Summ           28%        N/A       2%          2
 Conjure Flame            Conj/Fire      34%        6-21      2%          3
 Stone Arrow              Conj/Erth      68%        3d11      2%          3
 Confusing Touch          Hex            28%        N/A       5%          3
 Gell's Gravitas          Tloc           28%        N/A       5%          3
 Ignite Poison            Fire/Tmut/Pois 28%        N/A       5%          3
 Lesser Beckoning         Tloc           28%        N/A       5%          3
 Teleport Other           Tloc           28%        N/A       5%          3
 Vampiric Draining        Necr           28%        2d8       5%          3
 Fulminant Prism          Conj/Hex       17%        3d11      9%          4
 Dispersal                Tloc           14%        N/A       95%         6


Dungeon Overview and Level Annotations

Branches:
Dungeon (11/15)            Temple (0/1) D:6            Lair (0/6) D:10
    Orc: D:9-12

Altars:
Hepliaklqana
Qazlal

Shops:
D:8 =

Annotations:
D:5 3 runed translucent doors, Arzaac's ghost, novice TrHu
D:6 1 transporter, trckry's ghost, novice DsWn


Innate Abilities, Weirdness & Mutations

Your life essence is reduced to manifest your ancestor. (-10% HP)
You have very sharp teeth.
Your uncanny sense of smell can sniff out nearby items.
Your experience applies equally to all skills.


Message History

y - a scroll of enchant weapon As you open the door, it creaks loudly!
There is an open door here.
There is an open door here.
You open the door.
There is an open door here.
You open the door.
Found 21 stones.
There is an open door here.
A two-headed ogre comes into view.
It is wielding a +0 dire flail and a +0 giant club.
A two-headed ogre is nearby!
Your +3 falchion of electrocution stops crackling.
Your +3 dagger of chaos is briefly surrounded by a scintillating aura of random colours.
H - a +3 dagger of chaos (weapon)
The helpless two-headed ogre fails to defend itself.
You stick the two-headed ogre like a pincushion!!!
The two-headed ogre shouts in stereo!
The two-headed ogre seems to grow stronger.
You bite the two-headed ogre, but do no damage.
The two-headed ogre is severely wounded.
The two-headed ogre hits you with a +0 dire flail!!
The two-headed ogre hits you with a +0 giant club!!
You swap places.
The boulder beetle barely misses Sofian.
Sofian points at the two-headed ogre and mumbles some strange words.
The two-headed ogre easily resists.
The two-headed ogre hits Sofian with a +0 dire flail!!!
The two-headed ogre barely misses Sofian.
The boulder beetle curls into a ball and begins rolling!
Sofian hits the two-headed ogre with a +0 dagger of draining!
Sofian drains the two-headed ogre.
The two-headed ogre hits Sofian with a +0 dire flail!!
Sofian is destroyed!
Sofian is still trapped in memory!
The boulder beetle hits you.
The boulder beetle stops rolling and uncurls.
The boulder beetle curls into a ball and begins rolling!
The boulder beetle hits you!!!
Ouch! That really hurt!
You die...

####### ########.....#
#............# #............#
........(...######
#.............####
#.....O°○B........
#..#######@###...∆
#.°#.........# ##.#.........#
..... ###
#O#.........#......#...###
#.#.........#......#......
#.#.........#..... #......
#......#...####'##...# #....<.
#......#####.........#.........
......................#.........


You could see a boulder beetle (rolling) and a two-headed ogre (strong,
drained).

Vanquished Creatures
  Josephine (D:10)
  2 two-headed ogres
  Pikel (D:7)
  Joseph (D:8)
  Psyche (D:8)
  An unseen horror (D:10)
  2 trolls (D:11)
  A shadow (D:11)
  3 wraiths
  17 yaks
  Menkaure (D:4)
  2 wargs (D:10)
  Edmund (D:6)
  A black bear (D:5)
  2 ice beasts
  2 necrophages
  2 ogres
  3 centaurs (D:9)
  3 wolves (D:8)
  3 phantoms
  3 kobold brigands
  3 bullfrogs
  2 scorpions (D:6)
  11 killer bees
  A centaur zombie (D:9)
  A bullfrog skeleton (D:6)
  9 orc priests
  A centaur skeleton (D:5)
  A jelly (D:5)
  Natasha (twice) (D:4)
  6 orc wizards
  A scorpion zombie (D:5)
  3 howler monkey zombies
  5 adders
  3 gnolls (D:2)
  4 hexers
  2 shadow imps
  2 white imps
  An ufetubus (D:6)
  An adder skeleton (D:3)
  A dart slug (D:2)
  16 orcs
  8 ball pythons
  5 bats
  4 endoplasms
  2 giant cockroaches
  4 goblins
  6 hobgoblins
  5 jackals
  A quokka (D:2)
  3 frilled lizards
  13 kobolds
  4 rats
184 creatures vanquished.

Vanquished Creatures (collateral kills)
  A cyclops (D:11)
  A hornet (D:7)
  A meliai zombie (D:10)
  Grum (D:8)
  4 yaks
  A warg (D:9)
  An ice beast (D:6)
  A black bear (D:5)
  A phantom (D:7)
  3 bullfrogs
  A water moccasin skeleton (D:5)
  3 killer bees
  2 howler monkeys
  4 centaur zombies
  A jelly (D:4)
  A centaur skeleton (D:5)
  Natasha (D:4)
  An iguana (D:5)
  3 orc wizards
  A howler monkey skeleton (D:6)
  2 adders
  A gnoll (D:2)
  A worm (D:2)
  5 orcs
  2 endoplasms
  A giant cockroach (D:2)
  2 jackals
  A kobold (D:9)
  A quokka (D:4)
  A rat (D:3)
50 creatures vanquished.

Vanquished Creatures (others)
  12 hexers
  A plant (D:10)
13 creatures vanquished.

Grand Total: 247 creatures vanquished

Notes
Turn   | Place    | Note
-------+----------+-------------------------------------------
     0 | D:1      | jjjjhere the Gnoll Conjurer began the quest for the Orb.
     0 | D:1      | Reached XP level 1. HP: 13/13 MP: 6/6
    19 | D:1      | Found a faded altar of an unknown god.
    32 | D:1      | Prayed at the altar of an unknown god.
    32 | D:1      | Became a worshipper of Hepliaklqana the Forgotten
    32 | D:1      | Reached * piety under Hepliaklqana
   158 | D:1      | Reached XP level 2. HP: 17/17 MP: 2/7
   246 | D:1      | Learned a level 2 spell: Searing Ray
   896 | D:2      | Reached XP level 3. HP: 22/22 MP: 6/9
   976 | D:2      | Reached ** piety under Hepliaklqana
   985 | D:2      | Remembered your ancestor Sofian as a hexer
  1061 | D:2      | Reached skill level 5 in Spellcasting
  1133 | D:2      | Reached skill level 1 in Invocations
  1358 | D:2      | Reached skill level 1 in Fighting
  1358 | D:2      | Reached skill level 1 in Short Blades
  1358 | D:2      | Reached skill level 1 in Long Blades
  1358 | D:2      | Reached skill level 1 in Axes
  1358 | D:2      | Reached skill level 1 in Maces & Flails
  1358 | D:2      | Reached skill level 1 in Polearms
  1358 | D:2      | Reached skill level 1 in Staves
  1358 | D:2      | Reached skill level 1 in Slings
  1358 | D:2      | Reached skill level 1 in Bows
  1358 | D:2      | Reached skill level 1 in Crossbows
  1358 | D:2      | Reached skill level 1 in Throwing
  1358 | D:2      | Reached skill level 1 in Armour
  1358 | D:2      | Reached skill level 1 in Shields
  1358 | D:2      | Reached skill level 1 in Unarmed Combat
  1358 | D:2      | Reached skill level 1 in Evocations
  1358 | D:2      | Reached XP level 4. HP: 27/28 MP: 11/11
  1696 | D:2      | Reached skill level 1 in Hexes
  1696 | D:2      | Reached skill level 1 in Summonings
  1696 | D:2      | Reached skill level 1 in Necromancy
  1696 | D:2      | Reached skill level 1 in Translocations
  1696 | D:2      | Reached skill level 1 in Transmutations
  1696 | D:2      | Reached skill level 1 in Fire Magic
  1696 | D:2      | Reached skill level 1 in Ice Magic
  1696 | D:2      | Reached skill level 1 in Air Magic
  1696 | D:2      | Reached skill level 1 in Earth Magic
  1696 | D:2      | Reached skill level 1 in Poison Magic
  1821 | D:2      | Reached XP level 5. HP: 29/33 MP: 6/12
  2707 | D:3      | Noticed a phantom
  2713 | D:3      | Killed a phantom
  3164 | D:4      | Reached XP level 6. HP: 39/39 MP: 8/13
  3289 | D:4      | Reached *** piety under Hepliaklqana
  3557 | D:4      | Noticed Menkaure
  3565 | D:4      | Killed Menkaure
  3566 | D:4      | Reached skill level 5 in Dodging
  3932 | D:4      | Noticed Natasha
  3938 | D:4      | Killed Natasha
  4296 | D:4      | Noticed Natasha
  4306 | D:4      | Killed Natasha
  4377 | D:4      | Noticed Natasha
  4382 | D:4      | Killed Natasha
  4383 | D:4      | Reached XP level 7. HP: 39/45 MP: 15/15
  4429 | D:5      | Entered Level 5 of the Dungeon
  4582 | D:5      | Noticed Arzaac's ghost (novice TrHu)
  4596 | D:5      | Reached skill level 5 in Stealth
  4754 | D:5      | Learned a level 4 spell: Sticky Flame
  4839 | D:5      | Reached XP level 8. HP: 51/51 MP: 16/16
  4957 | D:5      | Found a runed translucent gate.
  4957 | D:5      | Found a runed translucent gate.
  5035 | D:5      | Found a runed translucent gate.
  5576 | D:6      | Found a transporter.
  5576 | D:6      | Noticed trckry's ghost (novice DsWn)
  5579 | D:6      | Identified the +1 great mace of Ygegew {pain, Fragile rCorr
                  | Str+3 Int+3}
  5579 | D:6      | Identified the +5 great mace of Ywapryash {drain, rN+
                  | Str+3}
  5579 | D:6      | Noticed a two-headed ogre
  5967 | D:6      | Reached **** piety under Hepliaklqana
  6427 | D:6      | Found a staircase to the Ecumenical Temple.
  6650 | D:6      | Noticed Edmund
  6684 | D:6      | Killed Edmund
  6685 | D:6      | Reached XP level 9. HP: 31/58 MP: 1/18
  7194 | D:7      | Noticed Pikel
  7206 | D:7      | Killed Pikel
  7207 | D:7      | Reached skill level 8 in Conjurations
  7358 | D:7      | Reached ***** piety under Hepliaklqana
  7591 | D:7      | Noticed a hornet
  7600 | D:7      | Killed a hornet
  7601 | D:7      | Reached skill level 5 in Invocations
  7753 | D:7      | Reached XP level 10. HP: 29/65 MP: 14/20
  7758 | D:7      | Reached skill level 5 in Fighting
  7758 | D:7      | Reached skill level 5 in Short Blades
  7758 | D:7      | Reached skill level 5 in Long Blades
  7758 | D:7      | Reached skill level 5 in Axes
  7758 | D:7      | Reached skill level 5 in Maces & Flails
  7758 | D:7      | Reached skill level 5 in Polearms
  7758 | D:7      | Reached skill level 5 in Staves
  7758 | D:7      | Reached skill level 5 in Slings
  7758 | D:7      | Reached skill level 5 in Bows
  7758 | D:7      | Reached skill level 5 in Crossbows
  7758 | D:7      | Reached skill level 5 in Throwing
  7758 | D:7      | Reached skill level 5 in Armour
  7758 | D:7      | Reached skill level 5 in Shields
  7758 | D:7      | Reached skill level 5 in Unarmed Combat
  7758 | D:7      | Reached skill level 5 in Evocations
  8203 | D:8      | Noticed a two-headed ogre
  8290 | D:8      | Found a stormy altar of Qazlal.
  8351 | D:8      | Found Jexkutug's Jewellery Shoppe.
  8703 | D:8      | Learned a level 4 spell: Iskenderun's Mystic Blast
  8707 | D:8      | Learned a level 3 spell: Dazzling Flash
  8774 | D:8      | Noticed Joseph
  8787 | D:8      | Killed Joseph
  8858 | D:8      | Killed a two-headed ogre
  9015 | D:8      | Noticed Grum
  9021 | D:8      | Noticed Psyche
  9027 | D:8      | Killed Grum
  9032 | D:8      | Killed Psyche
  9990 | D:9      | Reached XP level 11. HP: 65/72 MP: 19/22
 10042 | D:9      | HP: 19/72 [killer bee (6)]
 10045 | D:9      | HP: 9/72 [yak (15)]
 11157 | D:10     | Entered Level 10 of the Dungeon
 11175 | D:10     | Found a staircase to the Lair.
 11192 | D:9      | Reached skill level 5 in Hexes
 11192 | D:9      | Reached skill level 5 in Summonings
 11192 | D:9      | Reached skill level 5 in Necromancy
 11192 | D:9      | Reached skill level 5 in Translocations
 11192 | D:9      | Reached skill level 5 in Transmutations
 11192 | D:9      | Reached skill level 5 in Fire Magic
 11192 | D:9      | Reached skill level 5 in Ice Magic
 11192 | D:9      | Reached skill level 5 in Air Magic
 11192 | D:9      | Reached skill level 5 in Earth Magic
 11192 | D:9      | Reached skill level 5 in Poison Magic
 11762 | D:10     | Learned a level 3 spell: Mephitic Cloud
 12047 | D:10     | Noticed a two-headed ogre
 12058 | D:10     | Killed a two-headed ogre
 12158 | D:10     | Reached skill level 9 in Conjurations
 12448 | D:10     | Learned a level 2 spell: Passwall
 12472 | D:10     | Noticed Josephine
 12518 | D:9      | HP: 20/70 [wraith[Josephine] (4)]
 12535 | D:9      | HP: 30/105 [wraith[Josephine] (9)]
 12849 | D:10     | Killed Josephine
 13220 | D:11     | Noticed a cyclops
 13223 | D:11     | Noticed a boulder beetle
 13427 | D:11     | Noticed a cyclops
 13762 | D:11     | Killed a cyclops
 14212 | D:11     | Reached XP level 12. HP: 72/80 MP: 13/24
 14447 | D:11     | Noticed a two-headed ogre
 14468 | D:11     | Annihilated by a boulder beetle

Illustrated notes

Levels and vault maps discovered:
D:1:      dpeg_arrival_tiny_g, layout_rooms, hellmonk_ecumenical_altar_run_dry
D:2:      layout_basic, minmay_misc_feat_more_columns
D:3:      layout_loops_cross
D:4:      layout_gridville, uniq_menkaure, uniq_natasha
D:5:      layout_basic, gammafunk_ghost_icy, minmay_fountain_box
D:6:      layout_loops_ring, minmay_temple_entry_proselytizer,
          gammafunk_ghost_smash, serial_glass, glass_columns_a, glass_columns_b,
          minmay_strange_pillars, minivault_23, uniq_edmund
D:7:      layout_basic, uniq_pikel
D:8:      layout_loops_ring, grunt_qazlal_sundering, serial_shops,
          shop_fountains, uniq_joseph, uniq_grum, uniq_psyche
D:9:      layout_long_grid, minivault_10, moated_statue
D:10:     layout_rooms, erik_lair_orcish_takeover, uniq_josephine
D:11:     layout_irregular_city

Skill      XL: |  1  2  3  4  5  6  7  8  9 10 11 |
---------------+----------------------------------+-----
Spellcasting   | 5 6 7 8 |  8.6
Invocations    | 1 2 3 4 5 6 7 |  7.5
Fighting       | 1 2 3 4 5 6 |  6.8
Short Blades   | 1 2 3 4 5 6 |  6.8
Long Blades    | 1 2 3 4 5 6 |  6.8
Axes           | 1 2 3 4 5 6 |  6.8
Maces & Flails | 1 2 3 4 5 6 |  6.8
Polearms       | 1 2 3 4 5 6 |  6.8
Staves         | 1 2 3 4 5 6 |  6.8
Slings         | 1 2 3 4 5 6 |  6.8
Bows           | 1 2 3 4 5 6 |  6.8
Crossbows      | 1 2 3 4 5 6 |  6.8
Throwing       | 1 2 3 4 5 6 |  6.8
Armour         | 1 2 3 4 5 6 |  6.8
Shields        | 1 2 3 4 5 6 |  6.8
Unarmed Combat | 1 2 3 4 5 6 |  6.8
Evocations     | 1 2 3 4 5 6 |  6.8
Hexes          | 1 2 3 4 5 |  5.6
Summonings     | 1 2 3 4 5 |  5.6
Necromancy     | 1 2 3 4 5 |  5.6
Translocations | 1 2 3 4 5 |  5.6
Transmutations | 1 2 3 4 5 |  5.6
Fire Magic     | 1 2 3 4 5 |  5.6
Ice Magic      | 1 2 3 4 5 |  5.6
Air Magic      | 1 2 3 4 5 |  5.6
Earth Magic    | 1 2 3 4 5 |  5.6
Poison Magic   | 1 2 3 4 5 |  5.6
Dodging        | 5 6 7 8 |  8.3
Stealth        | 5 6 7 8 |  8.1
Conjurations   | 8 9 |  9.2

Action                   |  1- 3 |  4- 6 |  7- 9 | 10-12 || total
-------------------------+-------+-------+-------+-------++-------
Melee: Unarmed           |     9 |       |       |       ||     9
       Bite              |     4 |     7 |    10 |    12 ||    33
       Spear             |     9 |    92 |    84 |    17 ||   202
       Punch             |       |     2 |     1 |     1 ||     4
       Trident           |       |       |       |    19 ||    19
       Dagger            |       |       |       |    34 ||    34
       Falchion          |       |       |       |    20 ||    20
 Cast: Magic Dart        |    31 |     6 |       |       ||    37
       Searing Ray       |     2 |    12 |    51 |    76 ||   141
       Dazzling Flash    |       |       |       |     3 ||     3
       Mephitic Cloud    |       |       |       |     8 ||     8
       Sticky Flame      |       |       |       |     1 ||     1
       Passwall          |       |       |       |     1 ||     1
Invok: Ancestor Life: He |     1 |       |       |       ||     1
       Idealise          |       |       |     1 |     1 ||     2
       Recall Ancestor   |       |       |       |     9 ||     9
       Transference      |       |       |       |     1 ||     1
  Use: Scroll            |       |     6 |     3 |    13 ||    22
       Potion            |       |       |       |     3 ||     3
 Stab: Sleeping          |     4 |     7 |     2 |     6 ||    19
       Confused          |       |     6 |     4 |     6 ||    16
       Distracted        |       |     1 |     4 |     1 ||     6
Armor: Robe              |     5 |     8 |    24 |     3 ||    40
       Ring mail         |       |       |       |    48 ||    48
Dodge: Dodged            |    21 |    35 |    66 |   108 ||   230
